 Dungeon Crawl Stone Soup version 0.29.0-4-gdea44cf6ec (webtiles) character file.

Game seed: 1862624438448806471

101 qw the Chopper (level 4, -6/26 HPs)
             Began as a Tengu Warper on Aug 28, 2022.
             Mangled by Grinder (7 damage)
             ... on level 3 of the Dungeon.
             The game lasted 00:00:14 (2458 turns).

qw the Chopper (Tengu Warper)                       Turns: 2458, Time: 00:00:14

Health: -6/26      AC: 15    Str: 14    XL:     4   Next: 75%
Magic:  8/8        EV:  6    Int: 13    God:
Gold:   85         SH:  0    Dex: 13    Spells: 7/7 levels left

rFire   . . .      SeeInvis +   Y - +0 hand axe (protect)
rCold   . . .      Faith    .   (no shield)
rNeg    . . .      Spirit   .   r - +0 chain mail
rPois   .          Reflect  .   (helmet restricted)
rElec   .          Harm     .   (no cloak)
rCorr   .          Rampage  .   (no gloves)
Will    .....                   (boots unavailable)
Stlth   ..........              (no amulet)
HPRegen 0.08/turn               m - ring of see invisible
MPRegen 0.11/turn               (no ring)

@: about to teleport, under a protective aura
A: beak, talons 3
a: no special abilities


You were on level 3 of the Dungeon.
You visited 1 branch of the dungeon, and saw 3 of its levels.

You collected 140 gold pieces.
You spent 55 gold pieces at shops.


Innate Abilities, Weirdness & Mutations

You have a beak for a mouth.
You have claws for feet.


   Skills:
 - Level 2.0 Fighting
 + Level 5.3 Axes
 - Level 1.0 Throwing
 - Level 1.1 Armour
 - Level 2.1 Dodging
 - Level 2.0 Spellcasting
 - Level 2.4 Translocations


You had 7 spell levels left.
You didn't know any spells.
Your spell library contained the following spells:

 Spells                   Type           Power      Damage    Failure   Level
 Blink                    Tloc           14%        N/A       99%         2
 Gell's Gravitas          Tloc           7%         N/A       100%        3
 Lesser Beckoning         Tloc           7%         N/A       100%        3
 Teleport Other           Tloc           7%         N/A       100%        3
 Manifold Assault         Tloc           7%         N/A       100%        5

Inventory:

Hand Weapons
 n - a +0 whip
 Y - a +0 hand axe of protection (weapon)
Missiles
 o - 6 boomerangs (quivered)
Armour
 r - a +0 chain mail (worn)
Jewellery
 a - an amulet of the acrobat
 m - a ring of see invisible (left hand)
Scrolls
 c - 2 scrolls of identify
Potions
 b - 2 potions of resistance {unknown}
 d - a potion of degeneration {unknown}
 e - a potion of invisibility {unknown}
 g - a potion of attraction {unknown}
 h - a potion of mutation {unknown}
 i - a potion of cancellation {unknown}
 j - a potion of curing {unknown}
 l - a potion of haste

Dungeon Overview and Level Annotations

Branches:
Dungeon (3/15)

Altars:

Shops:
D:2 ?[?

Annotations:
D:3 Grinder, Natasha


Message History

Natasha zaps a wand.
The bolt of dispelling energy misses you.
Natasha zaps a wand.
The bolt of dispelling energy hits you!!
Ouch! That really hurt!
2449 ||| READING 2 scrolls of teleportation.
As you read the scroll of teleportation, it crumbles to dust.
You feel strangely unstable. Natasha closely misses you.
2450 ||| DRINKING potion of heal wounds.
You feel much better.
Natasha stares at you and mumbles some strange words.
The magic dart hits you!
You barely miss Natasha. Natasha claws you but does no damage.
You barely miss Natasha. You claw Natasha, but do no damage.
Your surroundings suddenly seem different.
Grinder comes into view.
Grinder shouts!
You hear a shout!
Grinder gestures at you.
You suddenly lose the ability to move!
Grinder gestures at you. Pain shoots through your body!
You can move again.
Enter note: You hit Grinder.
Your weapon exudes an aura of protection.
You claw Grinder.
Grinder is lightly wounded.
Grinder hits you but does no damage.
You hit Grinder but do no damage. You peck Grinder.
Grinder is lightly wounded.
Grinder blinks!
Grinder hits you.
You writhe in agony.
2458 ||| READING scroll of teleportation.
As you read the scroll of teleportation, it crumbles to dust.
You feel strangely unstable.
A goblin comes into view. It is wielding a +0 club.
Grinder hits you!
You die...

#. g # #.
..##.######
...
..........#
###
..........#
..........#
........@5#
..........#
##........#
#........#
#........#
#........#
#........#
##########


You could see Grinder and a goblin (wandering).

Vanquished Creatures
  Natasha (D:3)
  An adder (D:2)
  4 worms (D:2)
  2 dart slugs (D:2)
  6 ball pythons
  6 endoplasms
  3 giant cockroaches
  4 goblins
  2 hobgoblins (D:2)
  8 kobolds
  A quokka (D:1)
  4 bats (D:1)
  2 frilled lizards (D:2)
  8 rats
52 creatures vanquished.

Notes
Turn   | Place    | Note
-------+----------+-------------------------------------------
     0 | D:1      | qw the Tengu Warper began the quest for the Orb.
     0 | D:1      | Reached XP level 1. HP: 12/12 MP: 4/4
     0 | D:1      | 0 ||| qw: Version: 0.1-a-89-g26bdef1
     0 | D:1      | 0 ||| qw: Game counter: 1718
     0 | D:1      | 0 ||| qw: Always use a shield: true
     0 | D:1      | 0 ||| qw: God list: Okawaru
     0 | D:1      | 0 ||| qw: Allow faded altars: false
     0 | D:1      | 0 ||| qw: Do Orc after D:15 true
     0 | D:1      | 0 ||| qw: Do second Lair branch before Depths: true
     0 | D:1      | 0 ||| qw: Lair rune preference: random
     0 | D:1      | 0 ||| qw: Plans: Normal
     0 | D:1      | 0 ||| PLANNING D:1-11
   210 | D:1      | Reached XP level 2. HP: 17/17 MP: 6/6
   269 | D:1      | Reached skill level 3 in Axes
   361 | D:1      | 361 ||| DROPPING +0 club.
   413 | D:1      | 413 ||| Stepping ~*~*~tactically~*~*~ (stealth).
   955 | D:1      | Reached XP level 3. HP: 21/21 MP: 7/7
  1195 | D:1      | 1195 ||| UPGRADING to ring of see invisible.
  1196 | D:1      | 1196 ||| READING scroll labelled DIWKUTH WIQY.
  1197 | D:1      | 1197 ||| READING scroll labelled JOYPTO ZUDDU.
  1198 | D:1      | 1198 ||| DROPPING scroll of blinking.
  1261 | D:2      | Reached skill level 4 in Axes
  1430 | D:2      | Found Eckikol's Magic Scroll Shop.
  1436 | D:2      | 1436 ||| SHOPLISTING scroll of enchant weapon (82 gold,
                  | have 72).
  1436 | D:2      | 1436 ||| BUYING scroll of identify (22 gold).
  1436 | D:2      | Bought a scroll of identify for 22 gold pieces
  1436 | D:2      | 1436 ||| BUYING scroll of teleportation (33 gold).
  1436 | D:2      | Bought a scroll of teleportation for 33 gold pieces
  1456 | D:2      | Found Wecy's Antique Armour Boutique.
  1469 | D:2      | 1469 ||| SHOPLISTING chain mail (112 gold, have 20).
  1469 | D:2      | 1469 ||| SHOPLISTING cloak (112 gold, have 20).
  1469 | D:2      | 1469 ||| SHOPLISTING glowing scarf (200 gold, have 20).
  1469 | D:2      | 1469 ||| SHOPLISTING shiny ring mail (175 gold, have 20).
  1476 | D:2      | Found Oxoan Hod's Magic Scroll Emporium.
  1483 | D:2      | 1483 ||| SHOPLISTING scroll of enchant weapon (105 gold,
                  | have 20).
  1483 | D:2      | 1483 ||| SHOPLISTING scroll of identify (28 gold, have 20).
  1483 | D:2      | 1483 ||| SHOPLISTING scroll of teleportation (42 gold, have
                  | 20).
  1709 | D:2      | Reached XP level 4. HP: 26/26 MP: 8/8
  1726 | D:2      | 1726 ||| Stepping ~*~*~tactically~*~*~ (hiding).
  2058 | D:2      | 2058 ||| Stepping ~*~*~tactically~*~*~ (hiding).
  2059 | D:2      | 2059 ||| Stepping ~*~*~tactically~*~*~ (hiding).
  2108 | D:2      | 2108 ||| UPGRADING to +0 ring mail.
  2118 | D:2      | 2118 ||| DROPPING +0 leather armour.
  2119 | D:2      | 2119 ||| UPGRADING to +0 chain mail.
  2129 | D:2      | 2129 ||| DROPPING +0 ring mail.
  2130 | D:2      | 2130 ||| READING scroll labelled JUKEEJOO ENIMN.
  2131 | D:2      | 2131 ||| READING scroll labelled SILYIL TARADD.
  2132 | D:2      | 2132 ||| READING scroll labelled TATEKHLO VYMMIWN.
  2273 | D:2      | 2273 ||| DRINKING 3 orange potions.
  2314 | D:2      | 2314 ||| DRINKING 2 golden potions.
  2315 | D:2      | 2315 ||| DRINKING 2 yellow potions.
  2316 | D:2      | 2316 ||| DROPPING 2 potions of lignification.
  2424 | D:3      | Noticed Natasha
  2425 | D:3      | 2425 ||| Stepping ~*~*~tactically~*~*~ (hiding).
  2426 | D:3      | 2426 ||| Stepping ~*~*~tactically~*~*~ (hiding).
  2435 | D:3      | Killed Natasha
  2436 | D:3      | Reached skill level 5 in Axes
  2442 | D:3      | Noticed Natasha
  2443 | D:3      | 2443 ||| Stepping ~*~*~tactically~*~*~ (hiding).
  2448 | D:3      | HP: 4/26 [Natasha/bolt of dispelling energy (20)]
  2449 | D:3      | 2449 ||| READING 2 scrolls of teleportation.
  2450 | D:3      | 2450 ||| DRINKING potion of heal wounds.
  2452 | D:3      | Noticed Grinder
  2452 | D:3      | Paralysed by Grinder for 3 turns
  2457 | D:3      | HP: 3/26 [Grinder (5)]
  2457 | D:3      | HP: 1/26 [Grinder (2)]
  2458 | D:3      | 2458 ||| READING scroll of teleportation.
  2458 | D:3      | Mangled by Grinder

Levels and vault maps discovered:
D:1:      zelgadis_glass_arrival_small, layout_loops_corners, minmay_octomino_j4
D:2:      layout_loops_ring, serial_shops, shop, nicolae_shop_crystal, shop,
          nicolae_underground_beach
D:3:      layout_rooms, shapermc_ecumenical_altar_mp_vishouse,
          serial_bayou_pond_e, kennysheep_flooded_box, uniq_grinder,
          uniq_natasha

Skill      XL: |  1  2  3  4 |
---------------+-------------+-----
Axes           | 3 4 5 |  5.3
Fighting       | |  2.0
Throwing       | |  1.0
Armour         | |  1.1
Dodging        | |  2.1
Spellcasting   | |  2.0
Translocations | |  2.4

Action                   |  1- 3 |  4- 6 || total
-------------------------+-------+-------++-------
Melee: Hand axe          |    84 |    31 ||   115
       Kick              |    16 |    10 ||    26
       Peck              |    13 |     6 ||    19
Throw: Boomerang         |    10 |    23 ||    33
  Use: Scroll            |     2 |     5 ||     7
       Potion            |       |     4 ||     4
Armor: Leather armour    |    12 |     5 ||    17
       Chain mail        |       |     5 ||     5
Dodge: Dodged            |    43 |     9 ||    52

Table legend:
 A = Non-vault XP
 B = Vault XP
 C = Vault XP percentage of total XP
 D = Non-vault monster count
 E = Vault monster count
 F = Vault count percentage of total count
                 A         B        C        D         E       F
            +---------+---------+-------+---------+---------+-------
      Total |     107 |      38 |  26.2 |      48 |       4 |   7.7
            +---------+---------+-------+---------+---------+-------
        D:1 |      35 |       5 |  12.5 |      22 |       3 |  12.0
        D:2 |      67 |       0 |   0.0 |      23 |       0 |   0.0
        D:3 |       5 |      33 |  86.8 |       3 |       1 |  25.0
            +---------+---------+-------+---------+---------+-------
